 Dungeon Crawl Stone Soup version 0.28-a0-751-gef3a642a4e (webtiles) character file.

Game seed: 17829910969516334233

0 spiderkeys the Skirmisher (level 1, -1/14 HPs)
             Began as a Gargoyle Abyssal Knight on Oct 31, 2021.
             Was a Follower of Lugonu.
             Incinerated by a smoke demon (4 damage)
             ... with a sticky flame
             ... on level 1 of the Abyss.
             The game lasted 00:00:19 (227 turns).

spiderkeys the Skirmisher (Gargoyle Abyssal Knight)  Turns: 227, Time: 00:00:20

Health: -1/14      AC:  5    Str: 16    XL:     1   Next: 0%
Magic:  2/2        EV: 11    Int: 10    God:    Lugonu [*.....]
Gold:   13         SH:  0    Dex: 10    Spells: 0/0 levels left

rFire   . . .      SeeInvis .   a - +1 mace
rCold   . . .      Faith    .   (no shield)
rNeg    + . .      Spirit   .   b - +0 leather armour
rPois   ∞          Reflect  .   (no helmet)
rElec   +          Harm     .   (no cloak)
rCorr   .          Rampage  .   (no gloves)
Will    .....                   (no boots)
Stlth   +.........              (no amulet)
HPRegen 0.04/turn               (no ring)
MPRegen 0.08/turn               (no ring)

@: on fire, glowing
A: sickness immunity, AC +2, negative energy resistance 1, electricity
resistance, torment resistance 1, petrification resistance
a: Renounce Religion, Depart the Abyss


You were on level 1 of the Abyss.
You worshipped Lugonu.
Lugonu was aware of your devotion.
You visited 0 branches of the dungeon, and saw 0 of its levels.
You visited the Abyss 1 time.

You collected 13 gold pieces.


Innate Abilities, Weirdness & Mutations

You are immune to sickness and miasma.
Your stone body is resilient. (AC +2)
You are immune to poison.
You resist negative energy. (rN+)
You are resistant to electric shocks. (rElec)
You are resistant to unholy torment.
You are immune to petrification.


   Skills:
 + Level 3.2 Fighting
 + Level 2.0 Maces & Flails
 + Level 2.1 Armour
 + Level 0.7 Dodging
 + Level 2.0 Invocations


You couldn't memorise any spells.
You didn't know any spells.
Your spell library was empty.

Inventory:

Hand Weapons
 a - a +1 mace (weapon)
Missiles
 c - 7 stones
Armour
 b - a +0 leather armour (worn)

Dungeon Overview and Level Annotations

Branches:
Dungeon (0/15)

Altars:

## ## ### .# #.
#.# #. ### #.3 #.
#. #..## .. # . #
# ####### .# #.#.
#§#.#.##.##....##.
##3.X.##3###.# #.
#@###.# #§§.. .#.
### #..##§##.. ...
#... .## #.# #
####....# . ..
##...# ..#.
.#.#### . ##..##
.# #.##.# . # .


You could see a tentacled monstrosity and a smoke demon.


Message History

🤖 Initializing magus.rc ... ✅ Successfully initialized magus.rc [v1.9.10] Welcome, spiderkeys the Gargoyle Abyssal Knight.
A terrible geas has sent you after the Orb of Zot.
What a horrible night to have a curse!
Lugonu says: Depart the Abyss and spread corruption, my servant! (use the ability menu to exit the Abyss) Press ? for a list of commands and other information.
Found 13 gold pieces.
Found a corrupted altar of Lugonu.
You now have 13 gold pieces.
A tentacled starspawn and a tentacled monstrosity come into view.
Tentacles burst from the starspawn's body! 2 starspawn tentacles come into view.
The starspawn tentacle grabs you.
The starspawn tentacle constricts you. 😕 HP[-2]
You take 2 damage, and now have 12/14 hp.
You escape the starspawn tentacle's grasp.
An apocalypse crab comes into view.
The apocalypse crab breathes chaos at you. 😕 HP[+1]
c - 7 stones You see here a fizzy dark potion.
d - a fizzy dark potion The smoke demon roars!
The smoke demon gestures at you. The ball of steam misses you.
A ynoxinul comes into view.
The ynoxinul bellows!
The smoke demon gestures at you. The sticky flame hits you.
You are covered in liquid flames! 😮 HP[-3]
You take 3 damage, and now have 10/14 hp.
MASSIVE DAMAGE!! (PAUSE) It was a potion of curing.
You feel better.
You are covered in liquid flames!
The ynoxinul gestures. 😕 HP[+2]
You regained 2 hp, and now have 12/14 hp.
You are covered in liquid flames! 😮 HP[-3]
You take 3 damage, and now have 9/14 hp.
MASSIVE DAMAGE!! (PAUSE) 😮 HP[+1]
The smoke demon barely misses you. The smoke demon hits you.
The smoke demon closely misses you. 😮 HP[-1]
You take 1 damage, and now have 9/14 hp.
The smoke demon gestures at you. The sticky flame hits you.
You are covered in liquid flames!
* * * LOW HITPOINT WARNING * * *
😱 HP[-6]
You take 6 damage, and now have 3/14 hp.
MASSIVE DAMAGE!! (PAUSE) Unknown command.
You are covered in liquid flames!
You die...

Action                   || total
-------------------------++-------
  Use: Potion            ||     1
Dodge: Dodged            ||     3

Levels and vault maps discovered:
Abyss:1:  base: Temple, base:
Temple

Notes
Turn   | Place    | Note
-------+----------+-------------------------------------------
     0 | Abyss:1  | spiderkeys the Gargoyle Abyssal Knight began the quest for
                  | the Orb.
     0 | Abyss:1  | Reached XP level 1. HP: 14/14 MP: 2/2
     0 | Abyss:1  | magus.rc [v1.9.10]
   185 | Abyss:1  | Noticed a tentacled monstrosity
   185 | Abyss:1  | Noticed a tentacled starspawn
   195 | Abyss:1  | Noticed an apocalypse crab
   215 | Abyss:1  | Noticed a smoke demon
   221 | Abyss:1  | Noticed a ynoxinul
   226 | Abyss:1  | HP: 3/14 [smoke demon/sticky flame (6)]
   227 | Abyss:1  | Incinerated by a smoke demon

Vanquished Creatures (others)
  2 starspawn tentacles (Abyss:1)
2 creatures vanquished.

Table legend:
 A = Non-vault XP
 B = Vault XP
 C = Vault XP percentage of total XP
 D = Non-vault monster count
 E = Vault monster count
 F = Vault count percentage of total count
                 A         B        C        D         E       F
            +---------+---------+-------+---------+---------+-------
      Total |       0 |       0 |   N/A |       0 |       0 |  -nan
            +---------+---------+-------+---------+---------+-------
            +---------+---------+-------+---------+---------+-------

Illustrated notes

Table legend: (Time is in decaauts)
 A = Elapsed time spent in this place.
 B = Non-inter-level travel time spent in this place.
 C = Inter-level travel time spent in this place.
 D = Time resting spent in this place.
 E = Time spent auto-exploring this place.
 F = Levels seen in this place.
 G = Mean time per level.
                   A        B        C        D        E       F      G
               +--------+--------+--------+--------+--------+-----+--------+
         Total |    227 |    227 |      0 |      0 |    185 |   1 |  227.0 |
         Abyss |    227 |    227 |      0 |      0 |    185 |   1 |  227.0 |
               +--------+--------+--------+--------+--------+-----+--------+

Top non-repeatable levels by time:
 Abyss:1: 227 daAuts
